| TOP OF THE 1ST |
|
St. Louis Cardinals batting - Pitching for Arizona Diamondbacks : RHP Tong-myeon Moon
|
|
Pitching: RHP Tong-myeon Moon
|
|
|
Batting: RHB Nick Gentzel
|
0-0: Ball 1-0: Fly out, F9 (Flyball, 9S, EV 86.9 MPH)
|
|
Batting: RHB Tenshou Takita
|
0-0: Called Strike 0-1: Foul Ball, location: 2F 0-2: Strikes out looking
|
|
Batting: SHB Antoine Roux
|
0-0: Swinging Strike 0-1: Ball 1-1: Called Strike 1-2: Strikes out swinging
|
| Top of the 1st over - 0 runs, 0 hits, 0 errors, 0 left on base; St. Louis 0 - Arizona 0 |
| BOTTOM OF THE 1ST |
|
Arizona Diamondbacks batting - Pitching for St. Louis Cardinals : LHP Paul Forbes
|
|
Pitching: LHP Paul Forbes
|
|
|
Batting: RHB Katilimomi Kelekolio
|
0-0: Swinging Strike 0-1: Swinging Strike 0-2: Ball 1-2: Strikes out swinging
|
|
Batting: RHB Shiro Suehiro
|
0-0: Ball 1-0: Ball 2-0: Ball 3-0: Ground out 1-3 (Groundball, 34S, EV 65.0 MPH)
|
|
Batting: RHB Billy Crookston
|
0-0: Ball 1-0: Ball 2-0: Ball 3-0: Called Strike 3-1: Base on Balls
|
|
Batting: RHB Blake Ballard
|
0-0: Foul Ball, location: 2F 0-1: Ball 1-1: Foul Ball, location: 2F 1-2: Ball Balk! Billy Crookston to second 2-2: Ball 3-2: Base on Balls
|
|
Batting: LHB Danny Dunham
|
0-0: Ball 1-0: Foul Ball, location: 2F 1-1: Ball 2-1: Foul Ball, location: 2F 2-2: Ball 3-2: Strikes out swinging
|
| Bottom of the 1st over - 0 runs, 0 hits, 0 errors, 2 left on base; St. Louis 0 - Arizona 0 |
| TOP OF THE 2ND |
|
St. Louis Cardinals batting - Pitching for Arizona Diamondbacks : RHP Tong-myeon Moon
|
|
Batting: LHB Zack Berney
|
0-0: Ground out U3 (Groundball, 3, EV 95.6 MPH)
|
|
Batting: RHB Francisco Hernandez
|
0-0: Fly out, F7 (Flyball, 7, EV 78.8 MPH)
|
|
Batting: RHB Sergio Godinez
|
0-0: Called Strike 0-1: Foul Ball, location: 2F 0-2: Ball 1-2: DOUBLE (Groundball, 5L, EV 100.6 MPH)
|
|
Batting: RHB Eric Chotkowski
|
0-0: Ball 1-0: Foul Ball, location: 2F 1-1: Called Strike 1-2: Strikes out swinging
|
| Top of the 2nd over - 0 runs, 1 hit, 0 errors, 1 left on base; St. Louis 0 - Arizona 0 |
| BOTTOM OF THE 2ND |
|
Arizona Diamondbacks batting - Pitching for St. Louis Cardinals : LHP Paul Forbes
|
|
Batting: LHB Roy Steigerwald
|
0-0: Ground out 4-3 (Groundball, 4, EV 111.9 MPH)
|
|
Batting: RHB Andy Swaim
|
0-0: Ball 1-0: Ball 2-0: Ball 3-0: Called Strike 3-1: Ground out 5-3 (Groundball, 5S, EV 73.8 MPH)
|
|
Batting: RHB Joe Smack
|
0-0: Called Strike 0-1: Foul Ball, location: 2F 0-2: Ball 1-2: Strikes out swinging
|
| Bottom of the 2nd over - 0 runs, 0 hits, 0 errors, 0 left on base; St. Louis 0 - Arizona 0 |
| TOP OF THE 3RD |
|
St. Louis Cardinals batting - Pitching for Arizona Diamondbacks : RHP Tong-myeon Moon
|
|
Batting: RHB Nick Getz
|
0-0: Foul Ball, location: 2F 0-1: Ground out 5-3 (Groundball, 5, EV 80.0 MPH)
|
|
Batting: SHB Luke Robbins
|
0-0: Called Strike 0-1: Called Strike 0-2: Foul Ball, location: 2F 0-2: Foul Ball, location: 2F 0-2: Ground out 4-3 (Groundball, 4, EV 98.1 MPH)
|
|
Batting: RHB Nick Gentzel
|
0-0: Ball 1-0: Ball 2-0: Called Strike 2-1: Ball 3-1: Foul Ball, location: 2F 3-2: SINGLE (Groundball, 56D, EV 105.0 MPH)
|
|
Batting: RHB Tenshou Takita
|
0-0: Foul Ball, location: 2F 0-1: Ball 1-1: Fly out, F8 (Flyball, 8RM, EV 86.9 MPH)
|
| Top of the 3rd over - 0 runs, 1 hit, 0 errors, 1 left on base; St. Louis 0 - Arizona 0 |
| BOTTOM OF THE 3RD |
|
Arizona Diamondbacks batting - Pitching for St. Louis Cardinals : LHP Paul Forbes
|
|
Batting: LHB Kyle Beaulieu
|
0-0: Ball 1-0: Ball 2-0: Ball 3-0: Called Strike 3-1: Foul Ball, location: 2F 3-2: Strikes out swinging
|
|
Batting: RHB Katilimomi Kelekolio
|
0-0: Called Strike 0-1: Ball 1-1: Foul Ball, location: 2F 1-2: Foul Ball, location: 2F 1-2: Ball 2-2: Strikes out swinging, 2-3 out at first.
|
|
Batting: RHB Shiro Suehiro
|
0-0: Ball 1-0: Called Strike 1-1: Ball 2-1: Ball 3-1: Base on Balls
|
|
Batting: RHB Billy Crookston
|
0-0: Ball 1-0: Foul Ball, location: 2F 1-1: Ball Shiro Suehiro is caught stealing 2nd base 2-4
|
| Bottom of the 3rd over - 0 runs, 0 hits, 0 errors, 0 left on base; St. Louis 0 - Arizona 0 |
| TOP OF THE 4TH |
|
St. Louis Cardinals batting - Pitching for Arizona Diamondbacks : RHP Tong-myeon Moon
|
|
Batting: SHB Antoine Roux
|
0-0: Called Strike 0-1: Ball 1-1: Called Strike 1-2: Ball 2-2: Foul Ball, location: 2F 2-2: Ground out 6-3 (Groundball, 6, EV 81.9 MPH)
|
|
Batting: LHB Zack Berney
|
0-0: Called Strike 0-1: Ball 1-1: Foul Ball, location: 2F 1-2: SINGLE (Line Drive, 78S, EV 103.8 MPH)
|
|
Batting: RHB Francisco Hernandez
|
0-0: Called Strike 0-1: Grounds into double play, 6-4-3 (Groundball, 6, EV 104.4 MPH)
|
| Top of the 4th over - 0 runs, 1 hit, 0 errors, 0 left on base; St. Louis 0 - Arizona 0 |
| BOTTOM OF THE 4TH |
|
Arizona Diamondbacks batting - Pitching for St. Louis Cardinals : LHP Paul Forbes
|
|
Batting: RHB Billy Crookston
|
0-0: Ball 1-0: Ball 2-0: Called Strike 2-1: Ball 3-1: Foul Ball, location: 2F 3-2: Base on Balls
|
|
Batting: RHB Blake Ballard
|
0-0: Foul Ball, location: 2F 0-1: Ball 1-1: Ball 2-1: Ball 3-1: Base on Balls Billy Crookston to second
|
|
Batting: LHB Danny Dunham
|
0-0: Foul Ball, location: 2F 0-1: Ball 1-1: Ball 2-1: Fly out, F3 (Popup, 3SF, EV 78.1 MPH)
|
|
Batting: LHB Roy Steigerwald
|
0-0: Ball 1-0: Ball 2-0: Ball 3-0: Base on Balls Billy Crookston to third Blake Ballard to second
|
|
Batting: RHB Andy Swaim
|
0-0: DOUBLE (Line Drive, 8RD, EV 93.8 MPH) Billy Crookston scores Blake Ballard scores Roy Steigerwald to third
|
|
Batting: RHB Joe Smack
|
0-0: Foul Ball, location: 2F 0-1: Ball 1-1: Foul Ball, location: 2F 1-2: Foul Ball, location: 2F 1-2: Ball 2-2: Ball 3-2: Foul Ball, location: 2F 3-2: SINGLE (Groundball, 34D, EV 99.4 MPH) Roy Steigerwald scores Andy Swaim to third Runner from 3rd tries for Home, SAFE, throw by RF to home
|
|
Pitching: RHP Josh Sandoval
|
|
|
Batting: LHB Kyle Beaulieu
|
0-0: Ball 1-0: Ball 2-0: Ball 3-0: Called Strike 3-1: Called Strike 3-2: Foul Ball, location: 2F 3-2: Foul Ball, location: 2F 3-2: SINGLE (Line Drive, 3D, EV 107.5 MPH) Joe Smack to second
|
|
Batting: RHB Katilimomi Kelekolio
|
0-0: Ball 1-0: Called Strike 1-1: Foul Ball, location: 2F 1-2: Ball 2-2: Ball 3-2: Fly out, F9 (Flyball, 9, EV 83.1 MPH) Runner from 2nd tags up, SAFE at 3rd with throw by RF
|
|
Batting: RHB Shiro Suehiro
|
Pickoff Throw to First - Out! 1-3
|
| Bottom of the 4th over - 4 runs, 3 hits, 0 errors, 1 left on base; St. Louis 0 - Arizona 4 |
| TOP OF THE 5TH |
|
St. Louis Cardinals batting - Pitching for Arizona Diamondbacks : RHP Tong-myeon Moon
|
|
Pitching: RHP Raul Sanchez
|
|
|
Batting: RHB Sergio Godinez
|
0-0: Ground out 6-3 (Groundball, 6, EV 91.3 MPH)
|
|
Batting: RHB Eric Chotkowski
|
0-0: Ball 1-0: Ball 2-0: Swinging Strike 2-1: Ball 3-1: Swinging Strike 3-2: Foul Ball, location: 2F 3-2: Strikes out swinging
|
|
Batting: RHB Nick Getz
|
0-0: Ball 1-0: Ball 2-0: Called Strike 2-1: Foul Ball, location: 2F 2-2: Strikes out swinging
|
| Top of the 5th over - 0 runs, 0 hits, 0 errors, 0 left on base; St. Louis 0 - Arizona 4 |
| BOTTOM OF THE 5TH |
|
Arizona Diamondbacks batting - Pitching for St. Louis Cardinals : RHP Josh Sandoval
|
|
Batting: RHB Shiro Suehiro
|
0-0: Foul Ball, location: 2F 0-1: Ball 1-1: Foul Ball, location: 2F 1-2: Fly out, F7 (Flyball, 7LD, EV 96.9 MPH)
|
|
Batting: RHB Billy Crookston
|
0-0: Ball 1-0: Ball 2-0: Ball 3-0: Base on Balls
|
|
Batting: RHB Blake Ballard
|
0-0: Ball 1-0: Called Strike 1-1: Grounds into double play, 5-4-3 (Groundball, 56, EV 90.6 MPH)
|
| Bottom of the 5th over - 0 runs, 0 hits, 0 errors, 0 left on base; St. Louis 0 - Arizona 4 |
| TOP OF THE 6TH |
|
St. Louis Cardinals batting - Pitching for Arizona Diamondbacks : RHP Raul Sanchez
|
|
Batting: SHB Luke Robbins
|
0-0: Ball 1-0: Foul Ball, location: 2F 1-1: Ball 2-1: Foul Ball, location: 2F 2-2: Ground out 5-3 (Groundball, 56, EV 85.0 MPH)
|
|
Batting: RHB Nick Gentzel
|
0-0: Ball 1-0: Ball 2-0: Ball 3-0: Base on Balls
|
|
Batting: RHB Tenshou Takita
|
0-0: Called Strike 0-1: Ball 1-1: Foul Ball, location: 2F 1-2: Fly out, F7 (Flyball, 78D, EV 81.3 MPH)
|
|
Batting: SHB Antoine Roux
|
0-0: Ball 1-0: Foul Ball, location: 2F 1-1: Fly out, F8 (Line Drive, 8LM, EV 91.9 MPH)
|
| Top of the 6th over - 0 runs, 0 hits, 0 errors, 1 left on base; St. Louis 0 - Arizona 4 |
| BOTTOM OF THE 6TH |
|
Arizona Diamondbacks batting - Pitching for St. Louis Cardinals : RHP Josh Sandoval
|
|
Batting: LHB Danny Dunham
|
0-0: Ball 1-0: Ball 2-0: Fly out, F4 (Flyball, 4D, EV 81.9 MPH)
|
|
Batting: LHB Roy Steigerwald
|
0-0: Ball 1-0: Foul Ball, location: 2F 1-1: Called Strike 1-2: Ball 2-2: Ball 3-2: Foul Ball, location: 2F 3-2: Foul Ball, location: 2F 3-2: Foul Ball, location: 2F 3-2: Foul Ball, location: 2F 3-2: Fly out, F7 (Flyball, 7, EV 88.8 MPH)
|
|
Batting: RHB Andy Swaim
|
0-0: SINGLE (Line Drive, 5D, EV 95.0 MPH)
|
|
Batting: RHB Joe Smack
|
0-0: Called Strike 0-1: Ball 1-1: Fly out, F7 (Flyball, 7, EV 68.1 MPH)
|
| Bottom of the 6th over - 0 runs, 1 hit, 0 errors, 1 left on base; St. Louis 0 - Arizona 4 |
| TOP OF THE 7TH |
|
St. Louis Cardinals batting - Pitching for Arizona Diamondbacks : RHP Raul Sanchez
|
|
Pitching: RHP Nick Burcham
|
|
|
Now at 1B: Israel Gaona
|
|
|
Batting: LHB Zack Berney
|
0-0: Ball 1-0: SINGLE (Line Drive, 8LS, EV 104.4 MPH)
|
|
Batting: RHB Francisco Hernandez
|
0-0: Ball 1-0: Fly out, F9 (Flyball, 89XD, EV 102.5 MPH)
|
|
Batting: RHB Sergio Godinez
|
0-0: Called Strike 0-1: Ball 1-1: Called Strike Zack Berney is caught stealing 2nd base 2-4 1-2: Fly out, F4 (Popup, 34S, EV 76.3 MPH)
|
| Top of the 7th over - 0 runs, 1 hit, 0 errors, 0 left on base; St. Louis 0 - Arizona 4 |
| BOTTOM OF THE 7TH |
|
Arizona Diamondbacks batting - Pitching for St. Louis Cardinals : RHP Josh Sandoval
|
|
Pitching: RHP Doug Nickey
|
|
|
Batting: LHB Kyle Beaulieu
|
0-0: Called Strike 0-1: SOLO HOME RUN (Flyball, 89XD, EV 109.4 MPH), Distance : 412 ft
|
|
Pinch Hitting: RHB Jon Solano
|
0-0: Ball 1-0: Ball 2-0: Ball 3-0: Called Strike 3-1: Base on Balls
|
|
Batting: RHB Shiro Suehiro
|
0-0: Called Strike Jon Solano steals 2nd base 0-1: Ball 1-1: Ground out 4-3 (Groundball, 4M, EV 100.0 MPH) Jon Solano to third
|
|
Pinch Hitting: SHB Warren Eisner
|
0-0: Called Strike 0-1: Swinging Strike 0-2: Ball 1-2: Ball 2-2: Ball Wild Pitch! Jon Solano scores 3-2: Fly out, F4 (Popup, 34, EV 63.1 MPH)
|
|
Pinch Hitting: RHB David Price Jr.
|
0-0: Foul Ball, location: 2F 0-1: Foul Ball, location: 2F 0-2: Strikes out swinging
|
| Bottom of the 7th over - 2 runs, 1 hit, 0 errors, 0 left on base; St. Louis 0 - Arizona 6 |
| TOP OF THE 8TH |
|
St. Louis Cardinals batting - Pitching for Arizona Diamondbacks : RHP Nick Burcham
|
|
Now at C: Warren Eisner
|
|
|
Now at 2B: Jon Solano
|
|
|
Now in RF: David Price Jr.
|
|
|
Batting: RHB Eric Chotkowski
|
0-0: Swinging Strike 0-1: Ball 1-1: Foul Ball, location: 2F 1-2: Strikes out swinging
|
|
Batting: RHB Nick Getz
|
0-0: Foul Ball, location: 2F 0-1: Ball 1-1: Foul Ball, location: 2F 1-2: Strikes out swinging
|
|
Batting: SHB Luke Robbins
|
0-0: Foul Ball, location: 2F 0-1: Ball 1-1: Ball 2-1: Called Strike 2-2: Ground out 5-3 (Groundball, 56, EV 81.9 MPH)
|
| Top of the 8th over - 0 runs, 0 hits, 0 errors, 0 left on base; St. Louis 0 - Arizona 6 |
| BOTTOM OF THE 8TH |
|
Arizona Diamondbacks batting - Pitching for St. Louis Cardinals : RHP Doug Nickey
|
|
Batting: RHB Israel Gaona
|
0-0: Ball 1-0: Ball 2-0: Ground out 6-3 (Groundball, 6S, EV 90.0 MPH)
|
|
Pinch Hitting: RHB Fabrice Bertin
|
0-0: Ball 1-0: Swinging Strike 1-1: Ball 2-1: Ball 3-1: Swinging Strike 3-2: Ground out 6-3 (Groundball, 6S, EV 87.5 MPH)
|
|
Pinch Hitting: SHB Alec Thorpe
|
0-0: Foul Ball, location: 2F 0-1: Foul Ball, location: 2F 0-2: Ball 1-2: Ball 2-2: Foul Ball, location: 2F 2-2: Ground out 3-1 (Groundball, 34, EV 84.4 MPH)
|
| Bottom of the 8th over - 0 runs, 0 hits, 0 errors, 0 left on base; St. Louis 0 - Arizona 6 |
| TOP OF THE 9TH |
|
St. Louis Cardinals batting - Pitching for Arizona Diamondbacks : RHP Nick Burcham
|
|
Now at SS: Alec Thorpe
|
|
|
Now in CF: Fabrice Bertin
|
|
|
Pinch Hitting: LHB John Blair
|
0-0: Ball 1-0: Ball 2-0: Called Strike 2-1: Ball 3-1: Foul Ball, location: 2F 3-2: Strikes out swinging
|
|
Batting: RHB Pavpv Ivanushkin
|
0-0: Foul Ball, location: 2F 0-1: Swinging Strike 0-2: Ball 1-2: Foul Ball, location: 2F 1-2: SINGLE (Groundball, 6MD, EV 102.5 MPH)
|
|
Pitching: RHP Sean Hartgrove
|
|
|
Pinch Hitting: RHB Rick O'Reilly
|
0-0: Ball 1-0: SINGLE (Flyball, 78S, EV 89.4 MPH) Pavpv Ivanushkin to second
|
|
Pinch Hitting: RHB Terry Baginski
|
0-0: Ball 1-0: Ball 2-0: Ball 3-0: Called Strike 3-1: Called Strike 3-2: Foul Ball, location: 2F 3-2: Fly out, F9 (Flyball, 9D, EV 105.0 MPH) Runner from 2nd tags up, SAFE at 3rd, no throw by RF
|
|
Pinch Hitting: RHB Dustin Clark
|
0-0: Ball 1-0: Ball 2-0: Ball 3-0: Base on Balls Rick O'Reilly to second
|
|
Pinch Hitting: RHB Cole Bittner
|
0-0: Ball 1-0: Ball 2-0: Foul Ball, location: 2F 2-1: Called Strike 2-2: Foul Ball, location: 2F 2-2: Foul Ball, location: 2F 2-2: Foul Ball, location: 2F 2-2: Ball 3-2: Foul Ball, location: 2F 3-2: Strikes out swinging
|
| Top of the 9th over - 0 runs, 2 hits, 0 errors, 3 left on base; St. Louis 0 - Arizona 6 |
|